 Dungeon Crawl Stone Soup version 0.17-a0-2109-g117576f (webtiles) character file.

5553 pk666 the Fighter (level 10, -9/145 HPs)
             Began as a Minotaur Berserker on Oct 19, 2015.
             Was a High Priest of Trog.
             Mangled by a cyan ugly thing (13 damage)
             ... on level 11 of the Dungeon.
             The game lasted 00:19:28 (7443 turns).

pk666 the Fighter (Minotaur Berserker)              Turns: 7443, Time: 00:19:29

Health: -9/145     AC: 13    Str: 37    XL:     10   Next: 44%
Magic:  9/9        EV: 12    Int:  4    God:    Trog [*****.]
Gold:   505        SH:  0    Dex: 11    Spells: 0 memorised, 9 levels left

rFire  . . .     SeeInvis .     E - +0 battleaxe
rCold  . . .     Clarity  .     i - +3 ring mail "Fefiku Horgh" {+Fly rF- rN+ Str+3}
rNeg   + . .     SustAt   .     (no shield)
rPois  .         Gourm    .     A - +2 hat
rElec  .         Spirit   .     k - +0 cloak
rCorr  .         Warding  .     (no gloves)
rMut   .         Stasis   .     (no boots)
MR     .....                    (no amulet)
Stlth  ..........               n - ring of protection from fire
                                l - +5 ring of strength

@: berserking, very quick, not resistant to hostile enchantments, extremely
unstealthy
A: retaliatory headbutt, horns 2
a: Berserk, Trog's Hand, Brothers in Arms, Burn Spellbooks, Renounce Religion,
Evoke Flight


You were on level 11 of the Dungeon.
You worshipped Trog.
Trog was extremely pleased with you.
You were not hungry.

You visited 2 branches of the dungeon, and saw 11 of its levels.

You collected 505 gold pieces.

Inventory:

Hand Weapons
 a - a +4 war axe
 E - a +0 battleaxe (weapon)
Armour
 i - the +3 ring mail "Fefiku Horgh" (worn) {+Fly rF- rN+ Str+3}
   (You found it on level 7 of the Dungeon)

   It affects your strength (+3).
   It makes you vulnerable to fire.
   It protects you from negative energy.
   It lets you fly.
 k - a +0 cloak (worn)
 u - a +0 scale mail
 A - a +2 hat (worn)
Jewellery
 j - an uncursed ring of protection from magic
 l - a +5 ring of strength (left hand)
 n - a ring of protection from fire (right hand)
 s - a cursed ring of loudness {unknown}
Wands
 v - a wand of disintegration (14)
 D - a wand of random effects (20)
Scrolls
 g - 4 scrolls of teleportation
 h - a scroll of recharging {unknown}
 p - a scroll of blinking
 r - 4 scrolls of identify
 y - a scroll of fear {unknown}
 B - a scroll of magic mapping {unknown}
 C - a scroll of summoning {unknown}
Potions
 d - a potion of flight {unknown}
 e - 4 potions of agility
 q - 3 potions of heal wounds
 t - a potion of invisibility {unknown}
 w - 3 potions of curing
 x - 2 potions of brilliance {unknown}
 z - 3 potions of might
 F - a potion of berserk rage {unknown}
 G - a potion of cancellation {unknown}
Comestibles
 b - 5 slices of pizza
 c - 7 bread rations
 f - 8 chunks of flesh
 m - 5 meat rations
 o - 5 beef jerkies


   Skills:
 * Level 12.2 Fighting
 * Level 12.1 Axes
 + Level 8.5 Armour
 - Level 2.1 Dodging


You had 9 spell levels left.
You didn't know any spells.

Dungeon Overview and Level Annotations

Branches:
Dungeon (11/15)            Temple (1/1) D:5
   Lair: D:8-11         Orc: D:9-12

Altars:
Ashenzari
Cheibriados
Dithmenos
Elyvilon
Fedhas
Gozag
Kikubaaqudgha
Makhleb
Nemelex Xobeh
Okawaru
Qazlal
Ru
Sif Muna
Trog
Vehumet
Xom
Yredelemnul
Zin
The Shining One

Shops:
D:9 [


Innate Abilities, Weirdness & Mutations

You reflexively headbutt those who attack you in melee.
You have a pair of horns on your head.


Message History

You are too injured to fight recklessly!
You are too injured to fight recklessly!
Use which ability?
A red film seems to cover your vision as you go berserk!
You feel yourself moving faster!
You feel mighty!
You feel somewhat more hungry. The cyan ugly thing tentacle-slaps you!
* * * LOW HITPOINT WARNING * * *
The cyan ugly thing shocks you!
* * * LOW HITPOINT WARNING * * *
You slice the cyan ugly thing like a ripe choko!!!
You headbutt the cyan ugly thing.
The cyan ugly thing is almost dead.
You hear a shout!
You hit the cyan ugly thing.
Your headbutt misses the cyan ugly thing.
The cyan ugly thing is almost dead.
The cyan ugly thing tentacle-slaps you.
* * * LOW HITPOINT WARNING * * *
The cyan ugly thing shocks you!
You die...

... #'####...
...##.#.....
...........#
#.K.......#############
.#.................<....
..........#######.......
#....u................?
#.....@................
#......................
#...........###)#......
####.......<# #.#......
#(.......# #.#######
#........# #.#
#........###.##
#...........).#
#.............#


You could see a cyan ugly thing and a kobold.

Vanquished Creatures
  Erolcha (D:9)
  Psyche (D:9)
  A gargoyle (D:11)
  2 deep elf priests (D:9)
  A trapdoor spider zombie (D:9)
  Grum (D:11)
  2 wolves (D:11)
  A wasp (D:9)
  2 phantoms
  An orc warrior (D:9)
  3 ogres
  7 centaurs
  An eye of draining (D:9)
  A sky beast (D:7)
  An ice beast (D:8)
  Blork the orc (D:6)
  4 giant frogs
  A jelly (D:11)
  8 wights
  3 crimson imps
  A giant frog zombie (D:6)
  An orc priest (D:9)
  A gnoll shaman (D:6)
  A centaur skeleton (D:6)
  9 orc wizards
  A giant frog skeleton (D:5)
  4 hounds
  6 worker ants
  A killer bee zombie (D:8)
  A hound skeleton (D:5)
  A worker ant zombie (D:6)
  3 gnolls (D:6)
  11 adders
  An adder zombie (D:5)
  2 worms
  7 giant geckos
  20 orcs
  A ball python (D:5)
  6 bats
  11 hobgoblins
  13 jackals
  3 quokkas
  5 giant cockroaches
  A giant gecko zombie (D:5)
  5 giant newts
  5 goblins
  2 jackal zombies
  8 kobolds
  A quokka skeleton (D:4)
  8 rats
183 creatures vanquished.

Notes
Turn   | Place    | Note
--------------------------------------------------------------
     0 | D:1      | pk666 the Minotaur Berserker began the quest for the Orb.
     0 | D:1      | Reached XP level 1. HP: 19/19 MP: 0/0
   170 | D:1      | Reached skill level 4 in Axes
   269 | D:1      | Reached XP level 2. HP: 25/27 MP: 1/1
   976 | D:2      | Reached XP level 3. HP: 30/33 MP: 2/2
   994 | D:2      | Reached ** piety under Trog
  1001 | D:2      | Found a sacrificial altar of Ru.
  1103 | D:2      | Found a blossoming altar of Fedhas.
  1123 | D:2      | Found a shattered altar of Ashenzari.
  1131 | D:2      | Found a stormy altar of Qazlal.
  1153 | D:2      | Found a basalt altar of Yredelemnul.
  1192 | D:2      | Reached XP level 4. HP: 41/41 MP: 3/3
  1223 | D:2      | Reached skill level 5 in Axes
  1629 | D:3      | Found an iron altar of Okawaru.
  2021 | D:4      | Reached *** piety under Trog
  2130 | D:4      | Found a sparkling altar of Nemelex Xobeh.
  2193 | D:4      | Reached skill level 5 in Fighting
  2193 | D:4      | Reached XP level 5. HP: 43/48 MP: 4/4
  2552 | D:4      | Reached skill level 6 in Axes
  2774 | D:4      | Noticed an ogre
  2779 | D:4      | Killed an ogre
  2779 | D:4      | Reached XP level 6. HP: 57/57 MP: 5/5
  2890 | D:5      | Entered Level 5 of the Dungeon
  3175 | D:5      | Found a staircase to the Ecumenical Temple.
  3182 | Temple   | Entered the Ecumenical Temple
  3477 | D:5      | Reached XP level 7. HP: 64/64 MP: 6/6
  3623 | D:5      | Reached skill level 7 in Axes
  4016 | D:6      | Reached skill level 5 in Armour
  4031 | D:6      | Found an ancient bone altar of Kikubaaqudgha.
  4163 | D:6      | Reached skill level 8 in Axes
  4234 | D:6      | Reached XP level 8. HP: 64/74 MP: 7/7
  4317 | D:6      | Noticed Blork the orc
  4323 | D:6      | Killed Blork the orc
  4562 | D:6      | Reached **** piety under Trog
  5054 | D:7      | Reached skill level 9 in Axes
  5081 | D:7      | Got a bloodstained ring mail
  5092 | D:7      | Identified the +3 ring mail "Fefiku Horgh" {+Fly rF- rN+ Str+3} (You found it on level 7 of the Dungeon)
  5159 | D:7      | Got a tiger eye-encrusted plate armour
  5180 | D:7      | Identified the cursed +0 plate armour of Dariefomunk {rF++ MP+9 Dex+4} (You found it on level 7 of the Dungeon)
  5637 | D:7      | Found a glowing golden altar of the Shining One.
  5841 | D:8      | Reached XP level 9. HP: 78/84 MP: 8/8
  5975 | D:8      | Reached skill level 10 in Axes
  6503 | D:9      | Reached skill level 10 in Fighting
  6639 | D:9      | Found a sacrificial altar of Ru.
  6642 | D:9      | Noticed Psyche
  6646 | D:9      | Killed Psyche
  6806 | D:9      | Noticed a cacodemon
  6807 | D:9      | Found a burning altar of Makhleb.
  6811 | D:9      | Found a glowing silver altar of Zin.
  6811 | D:9      | Noticed an angel
  6894 | D:9      | Found an opulent altar of Gozag.
  6900 | D:9      | Reached skill level 11 in Axes
  7010 | D:9      | Noticed Erolcha
  7022 | D:9      | Killed Erolcha
  7022 | D:9      | Reached ***** piety under Trog
  7022 | D:9      | Reached XP level 10. HP: 96/96 MP: 9/9
  7059 | D:9      | Found Reew's Armour Boutique.
  7209 | D:9      | You fall through a shaft for 2 floors!
  7388 | D:11     | Noticed Grum
  7393 | D:11     | Reached skill level 12 in Fighting
  7398 | D:11     | Killed Grum
  7435 | D:11     | Noticed a cyan ugly thing
  7441 | D:11     | HP: 7/145 [cyan ugly thing (16)]
  7443 | D:11     | Mangled by a cyan ugly thing

Vault maps used:
D:1:      dpeg_arrival_yet_another_circle
D:2:      grunt_temple_overflow_forces_of_nature, grunt_temple_overflow_open,
          nicolae_ru_great_annihilating_truth
D:3:      lemuel_round_altar, first_bread, kennysheep_generic_room_12
D:4:      nemelex_xobeh_ov_fountains_minmay
D:5:      minmay_temple_entry_overgrown
D:6:      lemuel_coloured_pillars_altar, uniq_blork_the_orc
D:7:      tso_altar
D:9:      grunt_temple_overflow_order_and_chaos_2, lemuel_doored_altar,
          serial_shops, shop, blue_anna_alchemist, david_defended_altar_elf,
          uniq_psyche, uniq_erolcha
D:11:     dpeg_oklobed_lair, grunt_gozag_breadcrumbs, uniq_grum
Temple:   minmay_temple_bridge_a_8

Action                   |  1- 3 |  4- 6 |  7- 9 | 10-12 || total
-------------------------+-------+-------+-------+-------++-------
Melee: Hand axe          |    64 |    51 |       |       ||   115
       War axe           |       |    55 |   207 |    26 ||   288
       Battleaxe         |       |       |       |    24 ||    24
Invok: Berserk           |       |     1 |     3 |     2 ||     6
       Burn Spellbooks   |       |     1 |       |       ||     1
  Use: Scroll            |       |       |    13 |       ||    13
 Stab: Paralysed         |     1 |       |       |       ||     1
  Eat: Chunk             |       |     8 |    14 |     4 ||    26
